[ AOE2 MATCH · #482384378 ]
UnrankedPersians vs Chinese
[ REPLAY ANALYSIS · EXTRACTED FROM THE RECORDED GAME ]
Feudal
—
Castle
—
Imperial
—
| APM avg | 59.5 |
| APM peak | 65 |
| eAPM avg | 19.2 |
| Villagers / military | 9 / 0 |
Focus
⚔️ 20.0% · 🌾 80.0%
Feudal
—
Castle
—
Imperial
—
| APM avg | 23.7 |
| APM peak | 37 |
| eAPM avg | 10.9 |
| Villagers / military | 0 / 0 |
Focus
⚔️ 42.9% · 🌾 57.1%
Feudal
—
Castle
—
Imperial
—
| APM avg | 43.5 |
| APM peak | 54 |
| eAPM avg | 11.5 |
| Villagers / military | 12 / 0 |
Focus
⚔️ 33.3% · 🌾 66.7%
Feudal
—
Castle
—
Imperial
—
| APM avg | 32.0 |
| APM peak | 49 |
| eAPM avg | 8.3 |
| Villagers / military | 4 / 0 |
Focus
⚔️ 0.0% · 🌾 100.0%
Feudal
—
Castle
—
Imperial
—
| APM avg | 52.5 |
| APM peak | 68 |
| eAPM avg | 21.7 |
| Villagers / military | 6 / 0 |
Focus
⚔️ 10.7% · 🌾 89.3%
Feudal
—
Castle
—
Imperial
—
| APM avg | 32.0 |
| APM peak | 50 |
| eAPM avg | 12.2 |
| Villagers / military | 5 / 0 |
Focus
⚔️ 13.3% · 🌾 86.7%
Feudal
—
Castle
—
Imperial
—
| APM avg | 44.1 |
| APM peak | 69 |
| eAPM avg | 21.1 |
| Villagers / military | 8 / 0 |
Focus
⚔️ 24.0% · 🌾 76.0%
Feudal
—
Castle
—
Imperial
—
| APM avg | 38.4 |
| APM peak | 56 |
| eAPM avg | 17.9 |
| Villagers / military | 7 / 0 |
Focus
⚔️ 27.3% · 🌾 72.7%
Match map
Initial resources + every placement click. Lines = walls · curves = elevation contours. ◆ gold · ⬟ stone · ● berries · ✦ relic · ◌ wall gap
Your base
DoubleZX's base
Oni.TaToH's base
Reinhardlunsen's base
[R1] 12Tirador's base
Zni.Chaos's base
SHENBBBBB's base
[R1] Pume's base
Smoothed initial terrain · ◌ = detected wall gap · hover for details
Inputs per minute
— Moneimon - - DoubleZX
Build order — Moneimon
12 actions detected in the replay
| 0:01 | Create | Villager (Male) |
| 0:01 | Create | Villager (Male) |
| 0:03 | Build | House |
| 0:04 | Research | Loom |
| 0:10 | Create | Villager (Male) |
| 0:17 | Build | House |
| 0:23 | Create | Villager (Male) |
| 0:23 | Create | Villager (Male) |
| 0:24 | Create | Villager (Male) |
| 0:24 | Create | Villager (Male) |
| 1:30 | Create | Villager (Male) |
| 1:30 | Create | Villager (Male) |
Build order — DoubleZX
2 actions detected in the replay
| 0:09 | Research | Loom |
| 0:09 | Research | Loom |
Build order — Oni.TaToH
6 actions detected in the replay
| 0:01 | Create | Villager (Male) ×4 |
| 0:04 | Research | Loom |
| 0:05 | Create | Villager (Male) ×4 |
| 0:05 | Create | Villager (Male) ×4 |
| 0:06 | Build | House |
| 0:07 | Build | House |
Build order — Reinhardlunsen
6 actions detected in the replay
| 0:01 | Create | Villager (Male) |
| 0:01 | Create | Villager (Male) |
| 0:01 | Create | Villager (Male) |
| 0:02 | Create | Villager (Male) |
| 0:04 | Build | House |
| 0:07 | Build | House |
Build order — [R1] 12Tirador
10 actions detected in the replay
| 0:01 | Create | Villager (Male) |
| 0:01 | Create | Villager (Male) |
| 0:02 | Build | House |
| 0:03 | Build | House |
| 0:05 | Research | Loom |
| 0:07 | Create | Villager (Male) |
| 0:08 | Create | Villager (Male) |
| 0:24 | Create | Villager (Male) |
| 0:27 | Build | House |
| 0:34 | Create | Villager (Male) |
Build order — Zni.Chaos
8 actions detected in the replay
| 0:01 | Create | Villager (Male) |
| 0:02 | Build | House |
| 0:05 | Research | Loom |
| 0:06 | Build | House |
| 0:13 | Create | Villager (Male) |
| 0:13 | Create | Villager (Male) |
| 0:30 | Create | Villager (Male) |
| 0:30 | Create | Villager (Male) |
Build order — SHENBBBBB
12 actions detected in the replay
| 0:00 | Create | Villager (Male) |
| 0:01 | Create | Villager (Male) |
| 0:01 | Create | Villager (Male) |
| 0:01 | Create | Villager (Male) |
| 0:06 | Research | Loom |
| 0:06 | Create | Villager (Male) |
| 0:07 | Build | House |
| 0:08 | Build | House |
| 0:22 | Create | Villager (Male) |
| 0:23 | Create | Villager (Male) |
| 0:23 | Create | Villager (Male) |
| 0:36 | Build | House |
Build order — [R1] Pume
10 actions detected in the replay
| 0:01 | Create | Villager (Male) |
| 0:01 | Create | Villager (Male) |
| 0:04 | Research | Loom |
| 0:06 | Build | House |
| 0:10 | Build | House |
| 0:12 | Create | Villager (Male) |
| 0:15 | Create | Villager (Male) |
| 0:15 | Create | Villager (Male) |
| 0:19 | Create | Villager (Male) |
| 0:19 | Create | Villager (Male) |
Match timeline
| 0:40 | DoubleZX · resign |
[ AI ANALYSIS · 1 CREDIT ]
What really happened in this match?
Wolo.gg analyzes every decision: build order, eco, micro, common mistakes by bracket. Personalized analysis on WhatsApp or Discord in 30 seconds.
Civ guide
Persians
Perfil
Jugador #249653